 Dungeon Crawl Stone Soup version 0.29.0-15-g675c0067aa (webtiles) character file.

Game seed: 10377671816850011090

49 qw the Chopper (level 3, 0/23 HPs)
             Began as a Gargoyle Fighter on Sept 12, 2022.
             Slain by Robin
             ... wielding a +1 falchion of flaming
              (7 damage)
             ... on level 2 of the Dungeon.
             The game lasted 00:00:25 (1533 turns).

qw the Chopper (Gargoyle Fighter)                   Turns: 1533, Time: 00:00:26

Health: 0/23       AC: 10    Str: 21    XL:     3   Next: 77%
Magic:  3/3        EV:  9    Int:  8    God:
Gold:   62         SH:  4    Dex:  9    Spells: 2/2 levels left

rFire   . . .      SeeInvis .   Y - +1 war axe
rCold   . . .      Faith    .   c - +0 buckler
rNeg    + . .      Spirit   .   b - +0 scale mail
rPois   inf        Reflect  .   (no helmet)
rElec   +          Harm     .   (no cloak)
rCorr   .          Rampage  .   (no gloves)
Will    .....                   (no boots)
Stlth   ..........              (no amulet)
HPRegen 0.07/turn               (no ring)
MPRegen 0.08/turn               (no ring)

@: no status effects
A: sickness immunity, AC +3, negative energy resistance 1, electricity
resistance, torment resistance 1, petrification resistance
a: no special abilities


You were on level 2 of the Dungeon.
You visited 1 branch of the dungeon, and saw 2 of its levels.

You collected 62 gold pieces.


Innate Abilities, Weirdness & Mutations

You are immune to sickness and miasma.
Your stone body is resilient. (AC +3)
You are immune to poison.
You resist negative energy. (rN+)
You are resistant to electric shocks. (rElec)
You are resistant to unholy torment.
You are immune to petrification.


   Skills:
 - Level 3.2 Fighting
 + Level 3.6 Axes
 - Level 3.2 Armour
 - Level 3.2 Shields


You had 2 spell levels left.
You didn't know any spells.
Your spell library was empty.

Inventory:

Hand Weapons
 k - a +0 mace
 Y - a +1 war axe (weapon)
Armour
 a - a +0 plate armour
 b - a +0 scale mail (worn)
 c - a +0 buckler (worn)
Jewellery
 e - a ring of resist corrosion
Scrolls
 f - a scroll of fear {unknown}
 g - 2 scrolls of identify
 h - a scroll of teleportation {unknown}
 i - a scroll of noise {unknown}
 j - a scroll of enchant armour
Potions
 d - a potion of might
 l - a potion of degeneration {unknown}

Dungeon Overview and Level Annotations

Branches:
Dungeon (2/15)

Altars:

Shops:
D:1 *

Annotations:
D:2 Robin


Message History

The goblin shoots a sling bullet.
The sling bullet closely misses you.
You slash the hobgoblin!
You kill the hobgoblin!
You hit the goblin. The goblin hits you with a +0 club.
Robin throws the goblin at you!
A hobgoblin comes into view.
The goblin barely misses you.
The goblin shoots a sling bullet.
The sling bullet barely misses you.
The sling bullet hits the goblin.
The goblin dies!
You closely miss the goblin.
The goblin is severely wounded.
The goblin hits you but does no damage. Robin throws the goblin at you!
The goblin shoots a sling bullet.
The sling bullet hits you but does no damage.
The goblin hits you but does no damage. x2
You slash the goblin!
You kill the goblin!
You closely miss the goblin. You hit the goblin but do no damage.
You block the goblin's attack.
The goblin unwields a +0 sling.
The goblin wields a +0 club.
The goblin hits you but does no damage.
You slash the goblin!
You kill the goblin!
You hit the goblin.
You kill the goblin!
A hobgoblin comes into view.
You block the kobold's attack.
You miss the kobold.
The hobgoblin shouts!
The kobold hits you but does no damage.
You barely miss the kobold. The kobold hits you but does no damage.
You hit the kobold.
The kobold is moderately wounded.
You block the kobold's attack.
You hit the kobold.
You kill the kobold!
Robin zaps a wand.
The bolt of dispelling energy hits you!
You barely miss Robin.
Robin hits you with a +1 falchion of flaming!
You die...

......# ....### #####
####### ......# ......#
#####
......########.).####.##
.............'.)@ggSB...
##############.)%##gg..#
#...# ... #...# . #...#
#.... #..... #......


You could see Robin, an adder, a giant cockroach and 3 hobgoblins.

Vanquished Creatures
  An adder (D:2)
  A dart slug (D:1)
  3 bats
  2 endoplasms
  A giant cockroach (D:2)
  7 goblins
  3 hobgoblins (D:2)
  4 kobolds
  2 quokkas
  7 ball pythons
  A rat (D:1)
32 creatures vanquished.

Vanquished Creatures (others)
  A goblin (D:2)
1 creature vanquished.

Grand Total: 33 creatures vanquished

Notes
Turn   | Place    | Note
-------+----------+-------------------------------------------
     0 | D:1      | qw the Gargoyle Fighter began the quest for the Orb.
     0 | D:1      | Reached XP level 1. HP: 14/14 MP: 1/1
     0 | D:1      | 0 ||| qw: Version: 0.1-a-119-g272c26d
     0 | D:1      | 0 ||| qw: Game counter: 10982
     0 | D:1      | 0 ||| qw: Always use a shield: true
     0 | D:1      | 0 ||| qw: God list: Okawaru
     0 | D:1      | 0 ||| qw: Allow faded altars: false
     0 | D:1      | 0 ||| qw: Do Orc after D:15 true
     0 | D:1      | 0 ||| qw: Do second Lair branch before Depths: true
     0 | D:1      | 0 ||| qw: Lair rune preference: random
     0 | D:1      | 0 ||| qw: Plans: Normal, Zot, God:TSO, Crypt, Tomb, Pan,
                  | Slime, Hells, Zig, Abyss, Orb
     0 | D:1      | 0 ||| PLANNING D:1-11
   169 | D:1      | Found Liqu's Assorted Antiques.
   182 | D:1      | 182 ||| SHOPLISTING dark potion (16 gold, have 0).
   182 | D:1      | 182 ||| SHOPLISTING plate armour (414 gold, have 0).
   182 | D:1      | 182 ||| SHOPLISTING runed leather armour (90 gold, have 0).
   182 | D:1      | 182 ||| SHOPLISTING runed war axe (117 gold, have 0).
   182 | D:1      | 182 ||| SHOPLISTING scroll labelled BUCI UMEDGHIUGE (18
                  | gold, have 0).
   182 | D:1      | 182 ||| SHOPLISTING scroll labelled SOEHUZIUMASCH (18 gold,
                  | have 0).
   182 | D:1      | 182 ||| SHOPLISTING scroll labelled UFIAPHOUNA (18 gold,
                  | have 0).
   642 | D:1      | Reached XP level 2. HP: 17/19 MP: 2/2
   739 | D:1      | 739 ||| Stepping ~*~*~tactically~*~*~ (stealth).
   740 | D:1      | 740 ||| Stepping ~*~*~tactically~*~*~ (stealth).
   806 | D:1      | 806 ||| Stepping ~*~*~tactically~*~*~ (stealth).
   808 | D:1      | 808 ||| Stepping ~*~*~tactically~*~*~ (stealth).
   942 | D:1      | Found a faded altar of an unknown god.
  1075 | D:1      | 1075 ||| DROPPING +0 club.
  1076 | D:1      | 1076 ||| READING scroll labelled BEYLISS JULERR.
  1077 | D:1      | 1077 ||| READING 2 scrolls labelled BUCI UMEDGHIUGE.
  1078 | D:1      | 1078 ||| READING scroll labelled INIUTAOGIO.
  1079 | D:1      | 1079 ||| READING scroll labelled SOEHUZIUMASCH.
  1080 | D:1      | 1080 ||| READING 2 scrolls labelled UZEOP OZYTTADD.
  1120 | D:2      | Reached skill level 3 in Axes
  1192 | D:2      | Reached XP level 3. HP: 23/23 MP: 3/3
  1230 | D:2      | 1230 ||| Stepping ~*~*~tactically~*~*~ (stealth).
  1231 | D:2      | 1231 ||| Stepping ~*~*~tactically~*~*~ (stealth).
  1521 | D:2      | Noticed Robin
  1533 | D:2      | Slain by Robin

Levels and vault maps discovered:
D:1:      eino_arrival_water_cross, layout_basic,
          nicolae_ecumenical_snake_handling, serial_shops, shop, moated_statue
D:2:      layout_basic, uniq_crazy_yiuf_cottage, uniq_robin, uniq_natasha

Skill      XL: |  1  2 |
---------------+-------+-----
Axes           | 2 3 |  3.6
Fighting       | |  3.2
Armour         | |  3.2
Shields        | |  3.2

Action                   || total
-------------------------++-------
Melee: War axe           ||    87
  Use: Scroll            ||     5
Armor: Scale mail        ||    55
Dodge: Dodged            ||    39
Block: Buckler           ||    22

Table legend:
 A = Non-vault XP
 B = Vault XP
 C = Vault XP percentage of total XP
 D = Non-vault monster count
 E = Vault monster count
 F = Vault count percentage of total count
                 A         B        C        D         E       F
            +---------+---------+-------+---------+---------+-------
      Total |      52 |      19 |  26.8 |      21 |      11 |  34.4
            +---------+---------+-------+---------+---------+-------
        D:1 |      20 |       8 |  28.6 |      11 |       5 |  31.2
        D:2 |      32 |      11 |  25.6 |      10 |       6 |  37.5
            +---------+---------+-------+---------+---------+-------
